Map: Terraform LE (Void)

Players

SticklerMac - Winner!

  • Race: Terran Terran
  • League: Bronze

Aion

  • Race: Zerg Zerg
  • League: Silver

VOD

Have the link to the VOD?

Description

Time

  • Played on: July 29, 2015, 8:36 p.m.
  • Length: 10:06
Show
View Real Time Build Order
Export as new Build Order

SticklerMac Terran - Winner!

Build Orders:  

Get SALT Encoding   

  12  0:01  SCV  
  13  0:13  SCV  
  14  0:17  Supply Depot  
  14  0:25  SCV  
  15  0:39  SCV  
  15  0:40  Barracks  
  16  0:51  SCV  
  16  0:52  Refinery  
  17  1:03  SCV  
  18  1:10  Supply Depot  
  18  1:13  Supply Depot  
  18  1:17  SCV  
  19  1:28  Marine  
  19  1:29  SCV  
  19  1:31  Supply Depot  
  21  1:42  Barracks  
  21  1:43  SCV  
  22  1:50  Marine  
  23  2:09  Marine  
  23  2:13  Factory  
  24  2:29  Barracks Tech Lab  
  24  2:33  SCV  
  24  2:34  Marine  
  24  2:35  Refinery  
  26  2:52  Marauder  
  26  2:55  Barracks Reactor  
  26  2:56  SCV  
  29  3:00  Supply Depot  
  29  3:06  Engineering Bay  
  29  3:07  Engineering Bay  
  29  3:10  SCV  
  30  3:15  Starport  
  30  3:21  Marauder  
  32  3:28  Barracks  
  32  3:37  Marine x2  
  34  3:42  Terran Infantry Weapons Level 1  
  34  3:49  Marauder  
  34  3:53  Starport Reactor  
  36  4:00  Marine x2  
  38  4:10  Marauder  
  38  4:15  Terran Infantry Armor Level 1  
  41  4:23  Barracks Reactor  
  40  4:31  Supply Depot  
  40  4:41  Medivac  
  40  4:44  Marine x2  
  46  4:45  Marauder  
  46  4:54  Supply Depot  
  46  5:01  Marine x2  
  46  5:02  Marine x2  
  46  5:05  Medivac  
  52  5:13  Orbital Command  
  52  5:21  Marine x2  
  52  5:26  Marine x2  
  56  5:32  Stimpack  
  56  5:40  Medivac  
  56  5:42  Marine  
  59  5:44  Marine  
  60  5:59  Marine, Medivac  
  60  6:00  Marine  
  60  6:01  Marine  
  60  6:02  Marine  
  66  6:11  Marauder  
  68  6:20  Marine  
  68  6:21  Marine  
  68  6:25  Marine  
  71  6:43  Supply Depot  
  71  6:46  Marine  
  71  6:47  Marauder, Medivac x2  
  78  6:50  Marine  
  79  6:58  Supply Depot  
  79  7:04  Marine  
  79  7:07  Supply Depot  
  79  7:08  Marine  
  81  7:09  Marine  
  82  7:17  Medivac  
  84  7:38  Marine x2  
  84  7:39  Marine x2  
  84  7:40  Marauder  
  90  8:40  Marine x2  
  90  8:41  Marine x2  
  93  8:42  Marauder  
  81  9:17  Marine x3  
  81  9:18  Marine  
  81  9:19  Marauder  
  85  9:37  Marine x3  
  85  9:38  Marine  
  92  9:40  Marauder  
Show
View Real Time Build Order
Export as new Build Order

Aion Zerg 

Build Orders: Pool First 

Get SALT Encoding   

  12  0:01  Drone  
  13  0:08  Drone  
  14  0:17  Overlord  
  14  0:20  Extractor  
  13  0:23  Drone  
  15  0:40  Spawning Pool  
  14  0:43  Drone  
  15  1:06  Hatchery  
  14  1:13  Drone  
  14  1:16  Extractor  
  14  1:20  Drone  
  15  1:26  Queen  
  17  1:34  Zergling x4  
  19  1:41  Drone  
  20  1:52  Drone  
  21  2:07  Drone  
  21  2:08  Overlord  
  22  2:18  Queen  
  22  2:21  Drone  
  25  2:24  Metabolic Boost  
  26  2:30  Drone x3  
  28  3:01  Overlord  
  28  3:07  Overlord  
  28  3:20  Overlord  
  28  3:32  Drone  
  28  3:33  Drone x11  
  40  3:38  Lair  
  40  3:39  Queen  
  42  3:50  Evolution Chamber  
  42  3:52  Evolution Chamber  
  40  4:09  Hatchery  
  39  4:34  Drone x2  
  41  4:38  Queen  
  41  4:43  Zerg Melee Weapons Level 1  
  41  4:44  Zerg Ground Armor Level 1  
  43  4:49  Drone x2  
  43  4:50  Drone x2, Baneling Nest, Extractor  
  45  5:11  Drone  
  45  5:12  Drone x3  
  49  5:28  Queen  
  49  5:30  Drone x5  
  49  5:31  Drone x2  
  49  5:32  Overlord x2  
  58  5:41  Extractor  
  58  5:42  Extractor  
  56  5:51  Hydralisk Den  
  56  5:55  Infestation Pit  
  54  6:01  Drone x3  
  54  6:03  Roach Warren, Drone  
  54  6:04  Drone  
  58  6:06  Spore Crawler  
  58  6:07  Spore Crawler  
  56  6:12  Spore Crawler  
  55  6:23  Drone  
  55  6:24  Drone x5  
  61  6:29  Drone  
  61  6:30  Drone x6  
  68  6:50  Pneumatized Carapace  
  68  7:00  Centrifical Hooks  
  68  7:02  Nydus Network, Zerg Melee Weapons Level 2  
  67  7:11  Extractor  
  67  7:12  Drone x4  
  67  7:14  Extractor  
  69  7:21  Drone x2  
  71  7:23  Drone  
  71  7:25  Drone  
  71  7:26  Drone  
  74  7:33  Lurker Den  
  74  7:51  Glial Reconstitution  
  74  7:54  Pathogen Glands  
  74  7:56  Burrow  
  74  7:57  Hive  
  74  8:02  Overlord x4  
  74  8:03  Overlord x2  
  74  8:23  Zergling x2  
  74  8:24  Zergling x28  
  89  8:46  Baneling x3  
  89  8:47  Baneling x4  
  79  8:58  Zergling x2  
  79  8:59  Zergling x10  
  72  9:12  Roach  
  72  9:13  Roach x4  
  65  9:18  Spine Crawler x2  
  65  9:23  Spine Crawler  
  51  9:24  Roach  
  51  9:25  Spine Crawler, Roach x4  
  51  9:28  Hydralisk  
  62  9:37  Hydralisk  
  64  9:40  Hydralisk x2  
  64  9:41  Hydralisk x2  
Tags
 
Add a new tag
Caveats
  • Supply blocks, unpowered buildings, or Contaminate may cause inaccurate times.
  • Supply counts are checked every 10 seconds.